General information
			
			
        
        - name: BNet
 
        - type: Ladder team game (AT/RT)
 
        - host: Battle.net
 
        - saver: TALONSAREIMBA
 
        
map: FullScaleAssault 
        - players: 8
 
        - length: 31:20
 
        - speed: Fast
 - version: 1.22 W3XP
 - replay type:  Public
 
» download(292 KB)
Players
        team 1 (winner) 
              
              
66DRAGON6 (
teal | 80 APM | 2498 actions | 31:18)
              
 6 Tauren Chieftain 
 3 Endurance Aura
 2 War Stomp
 1 Reincarnation
 
                » actions 
                
                | Assign group hotkey | 28 |  | 
| Basic commands | 36 |  | 
| Build / train | 70 |  | 
| ESC pressed | 3 |  | 
| Enter build submenu | 46 |  | 
| Enter hero's abilities submenu | 6 |  | 
| Give item / drop item | 4 |  | 
| Remove unit from queue | 1 |  | 
| Right click | 1451 |  | 
| Select / deselect | 323 |  | 
| Select group hotkey | 433 |  | 
| Use ability | 97 |  | 
                2498 total
 » units 
                
                | Peon | 19 |  | 
| Grunt | 6 |  | 
| Goblin Shredder | 3 |  | 
| Demolisher | 12 |  | 
                40 total
 » buildings
                
                | Altar of Storms | 1 |  | 
| Orc Burrow | 7 |  | 
| Barracks | 4 |  | 
| Stronghold | 2 |  | 
| War Mill | 2 |  | 
| Voodoo Lounge | 2 |  | 
| Great Hall | 3 |  | 
| Watch Tower | 25 |  | 
| Fortress | 1 |  | 
                47 total
 » build order
                00:06 Altar of Storms
00:13 Orc Burrow
00:32 Barracks
01:26 Orc Burrow
03:44 Stronghold
04:02 Orc Burrow
04:03 War Mill
05:14 Voodoo Lounge
05:47 Great Hall
06:39 Watch Tower
06:42 Watch Tower
07:03 Watch Tower
08:00 Watch Tower
08:00 Watch Tower
08:08 Watch Tower
08:35 Fortress
08:38 Watch Tower
11:56 War Mill
11:59 Orc Burrow
12:49 Orc Burrow
15:06 Great Hall
15:14 Watch Tower
15:54 Watch Tower
16:16 Watch Tower
16:17 Watch Tower
16:21 Watch Tower
16:22 Watch Tower
17:10 Great Hall
17:20 Watch Tower
17:21 Watch Tower
19:05 Watch Tower
19:07 Watch Tower
19:08 Watch Tower
19:08 Watch Tower
19:10 Watch Tower
19:43 Watch Tower
20:49 Watch Tower
21:57 Watch Tower
21:57 Watch Tower
21:58 Watch Tower
21:59 Stronghold
23:26 Barracks
23:27 Barracks
23:41 Barracks
24:42 Voodoo Lounge
25:52 Orc Burrow
25:53 Orc Burrow
» items
                
                | Dust of Appearance | 3 |  | 
| Boots of Speed | 3 |  | 
| Healing Salve | 2 |  | 
| Scroll of Healing | 6 |  | 
| Circlet of Nobility | 1 |  | 
| Scroll of Protection | 1 |  | 
| Orb of Corruption | 1 |  | 
                17 total
  
               
              
              
jack7daniels (
blue | 61 APM | 1907 actions | 31:18)
              
 6 Death Knight 
 3 Death Coil
 2 Unholy Aura
 1 Animate Dead
 
                » actions 
                
                | Assign group hotkey | 6 |  | 
| Basic commands | 1 |  | 
| Build / train | 49 |  | 
| ESC pressed | 3 |  | 
| Enter build submenu | 35 |  | 
| Enter hero's abilities submenu | 6 |  | 
| Right click | 1295 |  | 
| Select / deselect | 399 |  | 
| Select group hotkey | 5 |  | 
| Use ability | 108 |  | 
                1907 total
 » units 
                
                | Acolyte | 24 |  | 
| Ghoul | 3 |  | 
| Crypt Fiend | 9 |  | 
                36 total
 » buildings
                
                | Graveyard | 5 |  | 
| Crypt | 4 |  | 
| Altar of Darkness | 2 |  | 
| Ziggurat | 9 |  | 
| Tomb of Relics | 1 |  | 
| Nerubian Tower | 2 |  | 
| Halls of the Dead | 1 |  | 
| Spirit Tower | 1 |  | 
| Necropolis | 5 |  | 
                30 total
 » build order
                00:18 Graveyard
00:21 Crypt
00:44 Altar of Darkness
00:58 Ziggurat
01:51 Tomb of Relics
02:00 Ziggurat
02:36 Nerubian Tower
06:05 Halls of the Dead
06:52 Ziggurat
07:50 Spirit Tower
13:26 Necropolis
15:10 Necropolis
17:19 Ziggurat
17:31 Ziggurat
17:33 Crypt
19:49 Nerubian Tower
20:17 Graveyard
20:19 Graveyard
20:22 Ziggurat
21:17 Necropolis
21:20 Altar of Darkness
21:48 Ziggurat
21:50 Ziggurat
21:52 Crypt
27:18 Necropolis
27:58 Necropolis
29:21 Crypt
29:53 Ziggurat
30:25 Graveyard
30:27 Graveyard
» items
                
                | Rod of Necromancy | 1 |  | 
| Dust of Appearance | 1 |  | 
                2 total
  
               
              
              
KNIFE]NOOBELF (
pink | 88 APM | 2742 actions | 31:18)
              
 7 Death Knight 
 3 Death Coil
 3 Unholy Aura
 1 Death Pact
 6 Lich 
 3 Frost Nova
 2 Dark Ritual
 1 Death and Decay
 5 Dreadlord 
 3 Carrion Swarm
 2 Sleep
 
                » actions 
                
                | Assign group hotkey | 105 |  | 
| Basic commands | 76 |  | 
| Build / train | 79 |  | 
| ESC pressed | 2 |  | 
| Enter build submenu | 27 |  | 
| Enter hero's abilities submenu | 20 |  | 
| Give item / drop item | 5 |  | 
| Remove unit from queue | 3 |  | 
| Right click | 1482 |  | 
| Select / deselect | 263 |  | 
| Select group hotkey | 546 |  | 
| Use ability | 134 |  | 
                2742 total
 » units 
                
                | Acolyte | 12 |  | 
| Ghoul | 3 |  | 
| Crypt Fiend | 9 |  | 
| Frost Wyrm | 7 |  | 
                31 total
 » upgrades
                
                | Creature Attack | 3 |  | 
| Web | 1 |  | 
| Freezing Breath | 1 |  | 
| Creature Carapace | 2 |  | 
                7 total
 » buildings
                
                | Graveyard | 1 |  | 
| Crypt | 1 |  | 
| Ziggurat | 18 |  | 
| Altar of Darkness | 1 |  | 
| Tomb of Relics | 1 |  | 
| Halls of the Dead | 1 |  | 
| Nerubian Tower | 2 |  | 
| Spirit Tower | 5 |  | 
| Necropolis | 1 |  | 
| Black Citadel | 1 |  | 
| Sacrificial Pit | 1 |  | 
| Boneyard | 3 |  | 
                36 total
 » build order
                00:08 Graveyard
00:14 Crypt
00:25 Ziggurat
00:55 Altar of Darkness
01:36 Ziggurat
01:44 Tomb of Relics
02:41 Halls of the Dead
03:44 Ziggurat
05:27 Nerubian Tower
05:43 Spirit Tower
06:30 Necropolis
08:20 Ziggurat
08:21 Ziggurat
08:22 Ziggurat
08:23 Ziggurat
08:36 Black Citadel
09:16 Nerubian Tower
09:17 Spirit Tower
09:19 Spirit Tower
11:20 Sacrificial Pit
12:27 Boneyard
12:28 Boneyard
12:29 Boneyard
12:58 Ziggurat
12:59 Ziggurat
13:00 Ziggurat
13:39 Ziggurat
15:51 Ziggurat
15:51 Ziggurat
15:52 Ziggurat
16:55 Spirit Tower
22:46 Spirit Tower
24:11 Ziggurat
24:12 Ziggurat
24:13 Ziggurat
24:47 Ziggurat
» items
                
                | Rod of Necromancy | 2 |  | 
| Scroll of Town Portal | 1 |  | 
| Dust of Appearance | 1 |  | 
| Boots of Speed | 1 |  | 
| Potion of Mana | 2 |  | 
                7 total
  
               
              
              
TALONSAREIMBA (
red | 93 APM | 2908 actions | 31:20)
              
 7 Pit Lord 
 3 Rain of Fire
 3 Howl of Terror
 1 Doom
 4 Pandaren Brewmaster 
 2 Breath of Fire
 2 Drunken Haze
 
                » actions 
                
                | Assign group hotkey | 35 |  | 
| Basic commands | 159 |  | 
| Build / train | 111 |  | 
| ESC pressed | 10 |  | 
| Enter build submenu | 28 |  | 
| Enter hero's abilities submenu | 11 |  | 
| Give item / drop item | 5 |  | 
| Right click | 1371 |  | 
| Select / deselect | 692 |  | 
| Select group hotkey | 333 |  | 
| Use ability | 153 |  | 
                2908 total
 » units 
                
                | Wisp | 47 |  | 
| Archer | 4 |  | 
| Dryad | 16 |  | 
| Druid of the Claw | 2 |  | 
| Chimaera | 1 |  | 
                70 total
 » upgrades
                
                | Druid of the Claw Training | 2 |  | 
| Mark of the Claw | 1 |  | 
| Strength of the Wild | 3 |  | 
                6 total
 » buildings
                
                | Ancient of War | 2 |  | 
| Moon Well | 5 |  | 
| Altar of Elders | 1 |  | 
| Tree of Ages | 1 |  | 
| Hunter's Hall | 1 |  | 
| Tree of Life | 6 |  | 
| Ancient of Lore | 2 |  | 
| Ancient of Wonders | 1 |  | 
| Ancient Protector | 4 |  | 
| Tree of Eternity | 1 |  | 
| Ancient of Wind | 1 |  | 
| Chimaera Roost | 1 |  | 
                26 total
 » build order
                00:04 Ancient of War
00:07 Moon Well
00:57 Altar of Elders
02:12 Moon Well
03:18 Ancient of War
04:24 Tree of Ages
04:27 Moon Well
04:33 Hunter's Hall
04:50 Tree of Life
05:59 Moon Well
06:57 Ancient of Lore
07:01 Ancient of Lore
07:49 Ancient of Wonders
08:16 Ancient Protector
08:18 Ancient Protector
08:31 Ancient Protector
08:52 Ancient Protector
10:33 Tree of Eternity
15:13 Ancient of Wind
16:15 Moon Well
16:19 Chimaera Roost
19:15 Tree of Life
21:08 Tree of Life
25:23 Tree of Life
28:36 Tree of Life
31:03 Tree of Life
» items
                
                | Boots of Speed | 1 |  | 
| Scroll of Town Portal | 4 |  | 
| Orb of Corruption | 1 |  | 
| Lesser Clarity Potion | 1 |  | 
| Orb of Venom | 1 |  | 
| Potion of Lesser Invulnerability | 1 |  | 
| Scroll of Healing | 1 |  | 
| Potion of Mana | 4 |  | 
| Potion of Healing | 5 |  | 
| Dust of Appearance | 1 |  | 
                20 total
  
               team 2 (loser) 
              
              
Garrebear (
yellow | 48 APM | 1500 actions | 31:13)
              
 4 Blademaster 
 2 Wind Walk
 2 Critical Strike
 3 Tauren Chieftain 
 1 War Stomp
 2 Endurance Aura
 
                » actions 
                
                | Assign group hotkey | 53 |  | 
| Basic commands | 6 |  | 
| Build / train | 62 |  | 
| Enter build submenu | 22 |  | 
| Enter hero's abilities submenu | 7 |  | 
| Remove unit from queue | 2 |  | 
| Right click | 592 |  | 
| Select / deselect | 273 |  | 
| Select group hotkey | 384 |  | 
| Use ability | 99 |  | 
                1500 total
 » units 
                
                | Peon | 10 |  | 
| Grunt | 6 |  | 
| Demolisher | 1 |  | 
| Tauren | 7 |  | 
| Raider | 13 |  | 
                37 total
 » upgrades
                
                | Berserker Strength | 1 |  | 
| Pulverize | 1 |  | 
| Melee Weapons | 1 |  | 
| Armor | 1 |  | 
| Ensnare | 1 |  | 
                5 total
 » buildings
                
                | Altar of Storms | 1 |  | 
| Orc Burrow | 8 |  | 
| Voodoo Lounge | 1 |  | 
| Barracks | 1 |  | 
| Stronghold | 1 |  | 
| War Mill | 1 |  | 
| Fortress | 1 |  | 
| Watch Tower | 4 |  | 
| Tauren Totem | 2 |  | 
| Great Hall | 1 |  | 
| Beastiary | 1 |  | 
                22 total
 » build order
                00:07 Altar of Storms
00:13 Orc Burrow
00:21 Voodoo Lounge
01:22 Orc Burrow
02:21 Barracks
02:55 Stronghold
04:05 War Mill
04:45 Orc Burrow
06:49 Fortress
07:37 Watch Tower
07:41 Watch Tower
09:03 Watch Tower
09:26 Tauren Totem
09:34 Tauren Totem
09:42 Orc Burrow
10:41 Watch Tower
10:48 Great Hall
11:46 Orc Burrow
13:05 Orc Burrow
13:39 Orc Burrow
15:08 Beastiary
16:19 Orc Burrow
» items
                
                | Scroll of Speed | 1 |  | 
| Lesser Clarity Potion | 2 |  | 
| Healing Salve | 2 |  | 
| Scroll of Town Portal | 1 |  | 
| Orb of Lightning | 1 |  | 
                7 total
  
               
              
              
Merculore (
green | 70 APM | 2180 actions | 31:15)
              
 4 Blademaster 
 2 Wind Walk
 2 Critical Strike
 
                » actions 
                
                | Assign group hotkey | 111 |  | 
| Basic commands | 59 |  | 
| Build / train | 58 |  | 
| ESC pressed | 1 |  | 
| Enter build submenu | 27 |  | 
| Enter hero's abilities submenu | 4 |  | 
| Give item / drop item | 1 |  | 
| Remove unit from queue | 2 |  | 
| Right click | 816 |  | 
| Select / deselect | 293 |  | 
| Select group hotkey | 716 |  | 
| Use ability | 92 |  | 
                2180 total
 » units 
                
                | Peon | 10 |  | 
| Troll Headhunter/Berserker | 7 |  | 
| Tauren | 5 |  | 
| Goblin Sapper | 2 |  | 
| Troll Batrider | 6 |  | 
| Demolisher | 1 |  | 
                31 total
 » upgrades
                
                | Ranged Weapons | 2 |  | 
| Armor | 1 |  | 
| Berserker Upgrade | 1 |  | 
| Pulverize | 1 |  | 
| Melee Weapons | 1 |  | 
| Liquid Fire | 1 |  | 
                7 total
 » buildings
                
                | Altar of Storms | 1 |  | 
| Orc Burrow | 7 |  | 
| Voodoo Lounge | 1 |  | 
| War Mill | 1 |  | 
| Barracks | 2 |  | 
| Stronghold | 1 |  | 
| Fortress | 1 |  | 
| Tauren Totem | 3 |  | 
| Beastiary | 4 |  | 
| Great Hall | 2 |  | 
                23 total
 » build order
                00:09 Altar of Storms
00:18 Orc Burrow
01:15 Voodoo Lounge
01:30 War Mill
02:05 Barracks
02:08 Barracks
02:37 Orc Burrow
03:23 Orc Burrow
05:03 Stronghold
07:27 Fortress
08:31 Orc Burrow
10:05 Tauren Totem
10:41 Tauren Totem
11:37 Tauren Totem
14:17 Orc Burrow
14:18 Orc Burrow
14:50 Orc Burrow
17:26 Beastiary
17:29 Beastiary
17:35 Beastiary
17:50 Beastiary
24:53 Great Hall
26:43 Great Hall
» items
                
                | Lesser Clarity Potion | 3 |  | 
| Healing Salve | 1 |  | 
| Scroll of Speed | 2 |  | 
| Orb of Lightning | 1 |  | 
| Potion of Mana | 1 |  | 
| Staff of Teleportation | 1 |  | 
| Boots of Speed | 1 |  | 
| Circlet of Nobility | 1 |  | 
                11 total
  
               
              
              
Oh_My_glOck (
purple | 71 APM | 2226 actions | 31:17)
              
 5 Demon Hunter 
 2 Evasion
 3 Mana Burn
 4 Priestess of the Moon 
 2 Trueshot Aura
 2 Searing Arrows
 
                » actions 
                
                | Assign group hotkey | 53 |  | 
| Basic commands | 96 |  | 
| Build / train | 104 |  | 
| Enter build submenu | 26 |  | 
| Enter hero's abilities submenu | 10 |  | 
| Give item / drop item | 1 |  | 
| Remove unit from queue | 4 |  | 
| Right click | 856 |  | 
| Select / deselect | 597 |  | 
| Select group hotkey | 390 |  | 
| Use ability | 89 |  | 
                2226 total
 » units 
                
                | Wisp | 29 |  | 
| Archer | 9 |  | 
| Druid of the Talon | 4 |  | 
| Faerie Dragon | 4 |  | 
| Hippogryph | 24 |  | 
| Chimaera | 4 |  | 
                74 total
 » upgrades
                
                | Ultravision | 1 |  | 
| Improved Bows | 1 |  | 
| Hippogryph Taming | 1 |  | 
| Strength of the Wild | 3 |  | 
| Corrosive Breath | 1 |  | 
| Reinforced Hides | 1 |  | 
                8 total
 » buildings
                
                | Altar of Elders | 2 |  | 
| Moon Well | 8 |  | 
| Ancient of War | 2 |  | 
| Tree of Ages | 2 |  | 
| Hunter's Hall | 1 |  | 
| Ancient of Wonders | 1 |  | 
| Ancient of Wind | 2 |  | 
| Tree of Eternity | 2 |  | 
| Tree of Life | 3 |  | 
| Ancient Protector | 3 |  | 
| Chimaera Roost | 2 |  | 
                28 total
 » build order
                00:09 Altar of Elders
00:21 Moon Well
00:48 Ancient of War
01:33 Moon Well
02:14 Ancient of War
02:28 Moon Well
03:09 Tree of Ages
04:23 Hunter's Hall
05:07 Ancient of Wonders
06:00 Ancient of Wind
06:20 Ancient of Wind
06:44 Moon Well
08:57 Tree of Eternity
10:37 Tree of Life
11:24 Tree of Life
14:50 Tree of Ages
15:47 Ancient Protector
16:07 Ancient Protector
17:19 Ancient Protector
18:32 Moon Well
20:49 Tree of Eternity
24:39 Chimaera Roost
24:42 Chimaera Roost
27:44 Moon Well
28:26 Moon Well
28:29 Moon Well
30:46 Altar of Elders
30:51 Tree of Life
» items
                
                | Orb of Lightning | 1 |  | 
| Anti-magic Potion | 1 |  | 
| Scroll of Town Portal | 1 |  | 
                3 total
  
               
              
              
» 
Ultros (
orange | 161 APM | 4987 actions | 31:03)
              
 7 Blademaster 
 3 Wind Walk
 3 Critical Strike
 1 Bladestorm
 
                » actions 
                
                | Assign group hotkey | 30 |  | 
| Basic commands | 151 |  | 
| Build / train | 66 |  | 
| ESC pressed | 1 |  | 
| Enter build submenu | 22 |  | 
| Enter hero's abilities submenu | 7 |  | 
| Right click | 1462 |  | 
| Select / deselect | 917 |  | 
| Select group hotkey | 2266 |  | 
| Use ability | 62 |  | 
                4987 total
 » units 
                
                | Peon | 12 |  | 
| Troll Headhunter/Berserker | 13 |  | 
| Wind Rider | 20 |  | 
| Troll Batrider | 1 |  | 
                46 total
 » upgrades
                
                | Ranged Weapons | 3 |  | 
| Armor | 2 |  | 
| Troll Regeneration | 1 |  | 
| Berserker Upgrade | 1 |  | 
| Envenomed Spears | 1 |  | 
                8 total
 » buildings
                
                | Orc Burrow | 7 |  | 
| Altar of Storms | 1 |  | 
| War Mill | 1 |  | 
| Voodoo Lounge | 1 |  | 
| Barracks | 2 |  | 
| Stronghold | 1 |  | 
| Fortress | 1 |  | 
| Beastiary | 3 |  | 
| Great Hall | 2 |  | 
| Watch Tower | 5 |  | 
                24 total
 » build order
                00:20 Orc Burrow
00:36 Altar of Storms
01:11 War Mill
01:24 Voodoo Lounge
01:45 Barracks
01:50 Orc Burrow
02:24 Barracks
03:32 Orc Burrow
05:11 Stronghold
06:04 Orc Burrow
07:44 Fortress
11:30 Beastiary
11:32 Beastiary
12:07 Orc Burrow
12:08 Orc Burrow
13:45 Orc Burrow
14:58 Great Hall
18:00 Beastiary
21:56 Great Hall
28:42 Watch Tower
28:43 Watch Tower
28:44 Watch Tower
28:45 Watch Tower
28:51 Watch Tower
» items
                
                | Healing Salve | 1 |  | 
| Lesser Clarity Potion | 1 |  | 
                2 total
  
                Chat log
          (00:18 / Allies) 66DRAGON6: massing tauren casters
(00:21 / Allies) 66DRAGON6: FOR REAL THIS TIME
(00:27 / Allies) KNIFE]NOOBELF: ty
(00:30 / Allies) KNIFE]NOOBELF: they trash?
(00:35 / Allies) 66DRAGON6: ya
(00:39 / Allies) TALONSAREIMBA: ur mom si trash
(00:51 / Allies) KNIFE]NOOBELF: have butman train us?
(01:00 / Allies) TALONSAREIMBA: buttman is actually my cousin
(01:02 / Allies) 66DRAGON6: hopefully
(01:14 / Allies) TALONSAREIMBA: f removed
(01:18 / Allies) 66DRAGON6: owned
(01:19 / Allies) TALONSAREIMBA: for saying shit bout my family
(01:27 / Allies) KNIFE]NOOBELF: noooooo
(01:48 / Allies) KNIFE]NOOBELF: remove dragons
(02:02 / Allies) 66DRAGON6: i hate your 48th chormosone
(02:07 / Allies) 66DRAGON6: on your mother's side
(02:12 / Allies) KNIFE]NOOBELF: thats to complex for me
(02:19 / Allies) TALONSAREIMBA: impossible
(02:20 / Allies) 66DRAGON6: too*
(02:21 / Allies) 66DRAGON6: noob
(02:24 / Allies) KNIFE]NOOBELF: no...
(02:35 / Allies) KNIFE]NOOBELF: thats also complex for me?
(02:39 / Allies) 66DRAGON6: we win
(02:42 / All) 66DRAGON6: we got pitlol
(02:47 / Allies) KNIFE]NOOBELF: damn
(02:50 / Allies) TALONSAREIMBA: r u gay
(02:51 / Allies) KNIFE]NOOBELF: i thought you were pining me
(02:51 / Allies) TALONSAREIMBA: y/n
(02:54 / Allies) KNIFE]NOOBELF: i was flattered
(02:56 / Allies) 66DRAGON6: y
(03:12 / Allies) KNIFE]NOOBELF: solo creep shop next!
(03:12 / Allies) 66DRAGON6: not interested in non-black 4v4 at gamestypes
(03:30 / Allies) KNIFE]NOOBELF: got greedy
(03:31 / Allies) jack7daniels: take this soemone
(03:44 / Allies) TALONSAREIMBA: so
(03:46 / Allies) 66DRAGON6: yellow
(03:47 / Allies) 66DRAGON6: =
(03:47 / Allies) 66DRAGON6: bats
(03:49 / Allies) TALONSAREIMBA: rain of terror's hotkey
(03:51 / Allies) TALONSAREIMBA: isn't r?
(03:56 / Allies) KNIFE]NOOBELF: its f
(04:00 / Allies) TALONSAREIMBA: what the FUCK
(04:01 / Allies) KNIFE]NOOBELF: same as flamestrike..
(04:07 / Allies) TALONSAREIMBA: its first letter is
(04:10 / Allies) TALONSAREIMBA: fucking r
(04:12 / Allies) TALONSAREIMBA: wht
(04:13 / Allies) 66DRAGON6: i never learned all the hotekys
(04:18 / Allies) TALONSAREIMBA: god blizzard fuck u
(04:21 / Allies) TALONSAREIMBA: and ur game design
(04:28 / Allies) KNIFE]NOOBELF: death Coil?
(04:31 / Allies) 66DRAGON6: c
(04:38 / Allies) TALONSAREIMBA: IT SHOULD BE D
(04:41 / Allies) TALONSAREIMBA: SEE WHAT I MENA
(04:43 / Allies) jack7daniels: wow
(04:45 / Allies) jack7daniels: so manybms
(04:54 / Allies) TALONSAREIMBA: PUNCH EM IN THE JAW DEN
(05:11 / Allies) jack7daniels: 3 of em
(05:18 / Allies) jack7daniels: killed 4 aco fucking whores
(05:32 / Allies) 66DRAGON6: pinging ona  noob base
(05:33 / Allies) jack7daniels: what
(05:48 / Allies) jack7daniels: noob would be if i 
(05:51 / Allies) jack7daniels: unsummoned it all
(05:53 / Allies) 66DRAGON6: tt
(06:08 / All) TALONSAREIMBA: hi you guys are on highper.ch tv
(06:11 / All) TALONSAREIMBA: how do u feel
(06:17 / All) TALONSAREIMBA: Sup guys
(06:19 / All) Merculore: should i keep clothes on?
(06:22 / All) TALONSAREIMBA: no
(06:22 / All) Garrebear: feel sexy
(06:34 / All) TALONSAREIMBA: plz go to highper.ch 
(06:37 / All) TALONSAREIMBA: to see your replay
(06:39 / All) TALONSAREIMBA: tonight
(06:42 / All) Ultros: I know bear.and
(06:43 / All) Merculore: fraps?
(06:49 / All) TALONSAREIMBA: you know who
(07:18 / Allies) 66DRAGON6: b
(07:32 / Allies) 66DRAGON6: all 4
(07:34 / Allies) jack7daniels: dam
(07:36 / Allies) TALONSAREIMBA: lol we lost
(07:37 / Allies) TALONSAREIMBA: holy
(07:38 / Allies) KNIFE]NOOBELF: tower
(07:49 / Allies) 66DRAGON6: TRADE BASES
(07:51 / Allies) 66DRAGON6: DONT FIGHT THAT
(08:37 / Allies) TALONSAREIMBA: creepin 
(08:38 / Allies) TALONSAREIMBA: high lvl aoe
(08:40 / Allies) TALONSAREIMBA: than its gg
(08:45 / Allies) TALONSAREIMBA: u know whut im sayin
(08:51 / Allies) 66DRAGON6: NOT RLY
(08:56 / Allies) KNIFE]NOOBELF: rofl
(08:59 / Allies) jack7daniels: 3 bm on me while u guys watch
(09:03 / Allies) jack7daniels: then massing up
(09:04 / Allies) jack7daniels: goo dplan
(09:10 / Allies) TALONSAREIMBA: not rly
(09:20 / Allies) 66DRAGON6: see?
(09:20 / Allies) TALONSAREIMBA: yo feed us
(09:37 / Allies) jack7daniels: feed ?
(09:39 / Allies) KNIFE]NOOBELF: we can save
(09:40 / Allies) jack7daniels: they towerin me
(09:47 / Allies) TALONSAREIMBA: no tp
(11:11 / Allies) 66DRAGON6: tauren
(11:25 / Allies) TALONSAREIMBA: dam dese kids
(11:25 / Allies) TALONSAREIMBA: pro
(11:48 / Allies) KNIFE]NOOBELF: ummm
(11:50 / Allies) 66DRAGON6: more tauren
(12:46 / Allies) TALONSAREIMBA: get dam niggas
(13:12 / Allies) 66DRAGON6: b
(13:12 / Allies) 66DRAGON6: b
(13:12 / Allies) 66DRAGON6: b
(13:13 / Allies) 66DRAGON6: b
(13:42 / Allies) 66DRAGON6: tt
(14:07 / Allies) TALONSAREIMBA: rofl
(14:07 / Allies) TALONSAREIMBA: flmao
(14:15 / Allies) 66DRAGON6: wowowo
(14:18 / Allies) TALONSAREIMBA: roflmao
(14:23 / Allies) 66DRAGON6: mass melee
(14:40 / Allies) 66DRAGON6: expand on top
(14:53 / Allies) jack7daniels: gayed
(15:34 / Allies) 66DRAGON6: 2 expos
(15:34 / Allies) TALONSAREIMBA: steal
(16:05 / Allies) TALONSAREIMBA: yo manz
(16:10 / Allies) 66DRAGON6: ya
(16:21 / Allies) KNIFE]NOOBELF: free tauren
(16:44 / Allies) 66DRAGON6: talons
(16:47 / Allies) 66DRAGON6: expand
(16:48 / Allies) 66DRAGON6: and feed
(16:51 / Allies) TALONSAREIMBA: uhh..
(16:52 / Allies) TALONSAREIMBA: im red
(16:59 / Allies) 66DRAGON6: red
(17:00 / Allies) 66DRAGON6: expand
(17:02 / Allies) 66DRAGON6: and feed
(17:05 / Allies) TALONSAREIMBA: fuck off
(19:16 / Allies) TALONSAREIMBA: dam intense
(20:01 / Allies) 66DRAGON6: towers
(20:05 / Allies) 66DRAGON6: fight by them?
(20:35 / Allies) TALONSAREIMBA: im so good
(20:38 / Allies) TALONSAREIMBA: god
(20:41 / Allies) 66DRAGON6: expand up top
(20:53 / Allies) jack7daniels: good timing..
(21:10 / Allies) TALONSAREIMBA: b
(21:50 / All) TALONSAREIMBA: u guy blow
(21:52 / All) TALONSAREIMBA: blow 
(22:47 / Allies) 66DRAGON6: tower
(23:47 / All) TALONSAREIMBA: man u guy blow
(23:52 / All) TALONSAREIMBA: go get micro lesson
(23:53 / All) TALONSAREIMBA: noob
(23:59 / All) 66DRAGON6: that was like 250 to 160
(24:01 / All) TALONSAREIMBA: Learn how play
(24:11 / Allies) jack7daniels: wood me?
(24:16 / All) Oh_My_glOck: go learn english
(24:20 / All) TALONSAREIMBA: i from china
(24:22 / All) TALONSAREIMBA: u stupid american
(24:24 / All) Oh_My_glOck: clearly
(24:25 / All) TALONSAREIMBA: u no freedom
(24:26 / All) TALONSAREIMBA: u government
(24:27 / All) TALONSAREIMBA: suck
(24:29 / All) 66DRAGON6: go learn how to speak english
(24:35 / All) 66DRAGON6: god your dumb
(24:56 / All) TALONSAREIMBA: u american suck at wc3
(24:57 / All) TALONSAREIMBA: u no 
(24:57 / Allies) 66DRAGON6: 2 
(24:58 / Allies) 66DRAGON6: expos
(25:04 / Allies) KNIFE]NOOBELF: im blown away at how bad they are
(25:05 / Allies) KNIFE]NOOBELF: rofl
(26:14 / Allies) 66DRAGON6: knife
(26:15 / Allies) 66DRAGON6: tp on dk
(26:47 / All) 66DRAGON6: stomp from doom guard ftw
(26:51 / All) TALONSAREIMBA: yo man
(26:55 / All) TALONSAREIMBA: u guys uck
(27:00 / All) Ultros: why you so pro?
(27:04 / All) TALONSAREIMBA: i china
(27:04 / All) Ultros: communism?
(27:06 / All) TALONSAREIMBA: u american scum
(27:07 / All) Ultros: let's you stay home?
(27:17 / All) TALONSAREIMBA: u know have sex
(27:17 / All) Ultros: :D
(27:18 / All) TALONSAREIMBA: in your life
(27:27 / All) Ultros: wow excellent retort mate
(27:29 / Allies) 66DRAGON6: its no
(27:33 / Allies) 66DRAGON6: not know
(27:43 / All) 66DRAGON6: DOES EVERYONE'S GRAMMAR SUCK HARD IN THIS GAME?
(27:55 / All) TALONSAREIMBA: go to highper.ch to see your replay
(28:01 / All) TALONSAREIMBA: highper.ch
(28:11 / All) Ultros: or we could just save replay and watch it?
(28:13 / All) Ultros: bahahah
(28:27 / All) TALONSAREIMBA: i save replay of me getting owned too
(28:30 / All) 66DRAGON6: nice time to expo
(29:03 / All) 66DRAGON6: i have 3639 lumber
(29:08 / All) Ultros: hmm seems pro
(29:10 / Allies) TALONSAREIMBA: look at my resources
(29:14 / Allies) TALONSAREIMBA: and laugh
(29:19 / Allies) 66DRAGON6: =\
(29:24 / Allies) TALONSAREIMBA: thats how hard i tried
(29:44 / Allies) TALONSAREIMBA: so
(29:48 / Allies) TALONSAREIMBA: tp to that dragon
(30:05 / Allies) 66DRAGON6: it would be suicide
(30:37 / All) 66DRAGON6: little late on those chims 
(31:09 / All) Garrebear: gg
(31:14 / All) Merculore: gg